AoeStats
← axelinho 123836

Arena

509662817Analyzed
4v4 RM · 3d ago on Sep 27, 2026· 57m 55s· 8 players
Game mode
Random Map
Map size
Large (8 player)
Population
200
Speed
Normal
Resources
Standard
Victory
Conquest
Starting age
Dark Age
Ending age
Imperial Age
RankedLock teamsTeams togetherTeam positionsShared explorationLock speedFull tech treeHidden civsTurbo modeCheats
Victory
Defeat
🇺🇸 Romans · United States
1112
+13
🇪🇸 Varangians · Spain
1097
+14
🇬🇧 Hindustanis · United Kingdom
1024
+16
🇹🇼 Spanish · Taiwan
1021
+17
🇦🇷 Britons · Argentina
1053
-15
🇫🇮 Chinese · Finland
1052
-15
🇨🇳 Celts · China
1041
-15
🇩🇪 Spanish · Germany
1032
-15
Nubsteri
0:28 Loom
11:27 Feudal Age
13:02 Wheelbarrow
13:36 Double-Bit Axe
13:34 Horse Collar
17:39 Castle Age
16:35 Gold Mining
16:37 Stone Mining
17:21 Fletching
18:46 Bow Saw
18:39 Heavy Plow
20:56 Bodkin Arrow
21:01 Padded Archer Armor
21:47 Stone Shaft Mining
21:47 Gold Shaft Mining
27:54 Thumb Ring
28:59 Hand Cart
29:36 Town Watch
31:23 Leather Archer Armor
35:49 Imperial Age
33:48 Ballistics
33:24 Murder Holes
33:42 Fortified Wall
36:34 Bracer
37:04 Ring Archer Armor
37:38 Chemistry
37:17 Conscription
36:28 Elite Chu Ko Nu
38:27 Heavy Rocket Cart
46:20 Crossbowman
46:56 Arbalester
Blijadmann
11:09 Feudal Age
17:25 Castle Age
16:20 Double-Bit Axe
16:29 Gold Mining
16:35 Horse Collar
26:58 Padded Archer Armor
36:09 Imperial Age
34:18 Wheelbarrow
34:39 Town Watch
35:18 Hand Cart
36:40 Scale Barding Armor
37:00 Bloodlines
36:52 Husbandry
37:14 Husbandry
37:25 Cavalier
39:20 Chain Barding Armor
42:55 Plate Barding Armor
43:15 Forging
46:12 Iron Casting
51:13 Blast Furnace
DDVICTORY
11:01 Feudal Age
12:17 Wheelbarrow
12:48 Loom
15:32 Castle Age
14:55 Double-Bit Axe
14:51 Horse Collar
22:37 Bow Saw
24:05 Hand Cart
25:10 Heavy Plow
25:40 Stone Mining
28:12 Gold Mining
29:04 Stone Shaft Mining
29:05 Ballistics
31:48 Imperial Age
30:48 Gold Shaft Mining
32:11 Masonry
32:56 Conscription
32:55 Furor Celtica
33:01 Forging
33:54 Chemistry
32:20 Heavy Scorpion
34:43 Scale Barding Armor
34:44 Light Cavalry
35:25 Husbandry
35:27 Hussar
36:51 Chain Barding Armor
37:08 Iron Casting
42:34 Cavalier
44:26 Blast Furnace
43:41 Guilds
axelinho 123836
10:41 Loom
13:26 Feudal Age
14:01 Double-Bit Axe
13:58 Horse Collar
14:10 Gold Mining
14:10 Stone Mining
16:45 Castle Age
21:59 Wheelbarrow
21:49 Bow Saw
24:07 Heavy Plow
26:46 Hand Cart
28:31 Gold Shaft Mining
28:45 Padded Archer Armor
29:31 Fletching
29:57 Leather Archer Armor
33:34 Imperial Age
31:39 Ballistics
32:24 Yeomen
33:57 Elite Longbowman
34:57 Bodkin Arrow
35:32 Ring Archer Armor
ralph ulrich
11:35 Feudal Age
9:50 Loom
13:41 Horse Collar
17:40 Castle Age
15:43 Double-Bit Axe
16:31 Stone Mining
16:36 Gold Mining
20:02 Wheelbarrow
20:38 Bow Saw
22:57 Fortified Wall
23:28 Masonry
25:29 Hand Cart
26:21 Ballistics
28:10 Gold Shaft Mining
31:23 Imperial Age
29:08 Murder Holes
31:45 Ballistas
32:37 Conscription
33:46 Chemistry
34:13 Heavy Scorpion
39:26 Forging
39:17 Scale Mail Armor
39:29 Forging
39:14 Pikeman
39:55 Squires
39:51 Halberdier
44:16 Chain Mail Armor
44:36 Iron Casting
Carsitou
12:00 Feudal Age
16:03 Castle Age
13:54 Double-Bit Axe
14:20 Horse Collar
16:35 Wheelbarrow
17:32 Bow Saw
17:41 Loom
21:44 Gold Mining
22:30 Heavy Plow
23:55 Town Watch
28:26 Imperial Age
26:43 Stone Mining
27:02 Scale Barding Armor
27:59 Hand Cart
28:12 Bloodlines
28:02 Husbandry
28:34 Chain Barding Armor
30:55 Plate Barding Armor
31:02 Forging
30:45 Onager
31:56 Conscription
35:06 Chemistry
34:28 Vendel Legacy
35:26 Siege Engineers
36:26 Elite Jarl
41:39 Iron Casting
41:05 Padded Archer Armor
40:55 Fletching
40:50 Treadmill Crane
40:47 Capped Ram
43:18 Stone Shaft Mining
43:14 Crop Rotation
42:39 Siege Ram
47:05 Blast Furnace
46:21 Leather Archer Armor
46:03 Bodkin Arrow
OAO
11:43 Feudal Age
11:59 Loom
12:39 Double-Bit Axe
12:36 Horse Collar
16:07 Castle Age
15:09 Stone Mining
24:20 Bow Saw
25:04 Heavy Plow
24:58 Gold Mining
30:13 Imperial Age
28:40 Stone Shaft Mining
28:16 Husbandry
28:27 Bloodlines
28:41 Caravan
28:35 Fletching
28:45 Padded Archer Armor
29:51 Wheelbarrow
29:02 Town Watch
30:13 Ballistics
29:49 Murder Holes
30:05 Masonry
30:08 Fortified Wall
30:40 Bodkin Arrow
31:18 Conscription
31:19 Leather Archer Armor
31:43 Bracer
33:21 Chemistry
32:09 Elite Conquistador
34:16 Ring Archer Armor
Lamlam
11:08 Feudal Age
12:27 Double-Bit Axe
12:45 Horse Collar
15:08 Castle Age
15:20 Wheelbarrow
16:44 Bow Saw
18:41 Heavy Plow
20:52 Hand Cart
23:03 Loom
23:11 Gold Mining
24:57 Gold Shaft Mining
26:25 Town Watch
28:20 Stone Mining
31:13 Imperial Age
28:23 Pikeman
29:21 Scale Barding Armor
29:26 Forging
29:34 Grand Trunk Road
29:36 Town Patrol
29:57 Scale Mail Armor
29:59 Padded Archer Armor
29:49 Fletching
30:22 Ballistics
30:13 Masonry
30:01 Murder Holes
30:21 Bloodlines
30:11 Husbandry
29:32 Light Cavalry
30:30 Elite Skirmisher
31:56 Stone Shaft Mining
32:14 Chain Mail Armor
32:35 Iron Casting
34:14 Chemistry
33:33 Leather Archer Armor
33:14 Bodkin Arrow
33:22 Elite Ghulam
34:24 Conscription
36:12 Blast Furnace
36:09 Hoardings
36:36 Bracer
37:07 Ring Archer Armor
38:44 Shatagni
40:21 Two-Man Saw
40:03 Hussar
55:05 Heavy Camel Rider
56:26 Caravan
Connection lost

Rejoining the realm…

Still unreachable

The connection could not be restored.

Session expired

The server has moved on; the page needs a fresh start.